 Dungeon Crawl Stone Soup version 0.29.0-4-gdea44cf6ec (webtiles) character file.

Game seed: 1309038838165741749

33185 qw the Cleaver (level 13, 0/84 HPs)
             Began as a Gargoyle Delver on Sept 10, 2022.
             Was a High Priest of Okawaru.
             Slain by a snapping turtle (11 damage)
             ... on level 5 of the Lair of Beasts.
             The game lasted 00:05:49 (15128 turns).

qw the Cleaver (Gargoyle Delver)                   Turns: 15128, Time: 00:05:49

Health: 0/84       AC: 39    Str: 22    XL:     13   Next: 69%
Magic:  19/20      EV:  9    Int: 11    God:    Okawaru [*****.]
Gold:   632        SH:  0    Dex: 11    Spells: 12/12 levels left

rFire   . . .      SeeInvis +   b - +9 war axe of the Special Dreams {speed, rElec Str-2 SInv}
rCold   . . .      Faith    .   (no shield)
rNeg    + . .      Spirit   .   u - +0 plate armour
rPois   inf        Reflect  .   q - +2 helmet
rElec   +          Harm     .   h - +0 cloak
rCorr   .          Rampage  .   o - +0 pair of gloves {Str+3}
Will    +....                   k - +0 pair of boots
Stlth   ..........              (no amulet)
HPRegen 0.24/turn               v - ring of willpower
MPRegen 0.17/turn               w - +4 ring of protection

@: about to teleport, heroic
A: sickness immunity, AC +9, negative energy resistance 1, electricity
resistance, torment resistance 1, petrification resistance
a: Renounce Religion, Heroism, Finesse, Duel


You were on level 5 of the Lair of Beasts.
You worshipped Okawaru.
Okawaru was extremely pleased with you.
You visited 2 branches of the dungeon, and saw 15 of its levels.

You collected 981 gold pieces.
You spent 349 gold pieces at shops.


Innate Abilities, Weirdness & Mutations

You are immune to sickness and miasma.
Your stone body is resilient. (AC +9)
You are immune to poison.
You resist negative energy. (rN+)
You are resistant to electric shocks. (rElec)
You are resistant to unholy torment.
You are immune to petrification.


   Skills:
 - Level 11.0(16.0) Fighting
 + Level 14.2(19.2) Axes
 - Level 4.0(9.0) Throwing
 - Level 11.1(16.1) Armour
 - Level 2.1(7.1) Dodging
 - Level 5.4(10.4) Stealth
 - Level 10.0 Invocations


You had 12 spell levels left.
You didn't know any spells.
Your spell library was empty.

Inventory:

Hand Weapons
 b - the +9 war axe of the Special Dreams (weapon) {speed, rElec Str-2 SInv}
   (You found it on level 3 of the Dungeon)

   Attacks with this weapon are significantly faster.
   Str:       It affects your strength (-2).
   rElec:     It insulates you from electricity.
   SInv:      It lets you see invisible.
 j - a +5 morningstar of freezing
Missiles
 B - a javelin (quivered)
Armour
 h - a +0 cloak (worn)
 k - a +0 pair of boots (worn)
 o - a +0 pair of gloves of strength (worn)
 q - a +2 helmet (worn)
 u - a +0 plate armour (worn)
Jewellery
 r - a ring of fire
 t - a ring of fire
 v - a ring of willpower (left hand)
 w - a +4 ring of protection (right hand)
 x - a ring of see invisible
 y - a ring of ice
Wands
 g - a wand of digging (12)
Scrolls
 i - 5 scrolls of identify
 m - 4 scrolls of enchant weapon
 n - 2 scrolls of teleportation
 A - a scroll of brand weapon
Potions
 a - 4 potions of heal wounds
 c - 12 potions of curing
 d - 2 potions of might
 f - 2 potions of haste
 l - a potion of resistance
 s - 2 potions of mutation

Dungeon Overview and Level Annotations

Branches:
Dungeon (10/15)            Temple (0/1) D:7            Lair (5/5) D:10
 Shoals (0/4) Lair:2        Snake (0/4) Lair:2        Slime (0/5) Lair:4
    Orc (0/2) D:9

Altars:
Ashenzari
Makhleb
Okawaru
Qazlal
Trog
Uskayaw
Vehumet
Xom
Zin
Jiyva

Shops:
D:9 (

Portals:
Trove: D:10 (give 16 potions of curing)

Annotations:
D:4 2 runed translucent doors, qw's ghost, weakling GrDe
D:8 3 runed translucent doors, qw's ghost, novice MiBe
Lair:4 1 runed translucent door


Message History

Your unstable footing causes you to fumble your attack.
You hit the snapping turtle but do no damage.
The snapping turtle is lightly wounded.
You slash the plant!
You feel like a meek peon again. The snapping turtle bites you!
15121 ||| INVOKING Heroism.
You gain the combat prowess of a mighty hero.
A nearby plant withers and dies.
The cane toad stings you!
The snapping turtle bites you but does no damage.
15122 ||| Stepping ~*~*~tactically~*~*~ (water).
The snapping turtle attacks as you move away!
The snapping turtle barely misses you.
A harpy comes into view.
The cane toad stings you! The snapping turtle closely misses you.
The cane toad stings you!
You slash the cane toad!
The cane toad is moderately wounded.
The snapping turtle bites you but does no damage.
You slice the cane toad!!
The cane toad is almost dead.
The cane toad stings you but does no damage.
You barely miss the cane toad.
The cane toad is almost dead.
The snapping turtle bites you from afar.
You barely miss the cane toad.
The cane toad is almost dead.
The cane toad stings you but does no damage.
You hit the cane toad.
The cane toad is almost dead.
The snapping turtle bites you from afar!
15128 ||| READING 3 scrolls of teleportation.
As you read the scroll of teleportation, it crumbles to dust.
You feel strangely unstable. The harpy claws you but does no damage.
The harpy completely misses you.
The harpy claws you but does no damage. x2
The cane toad stings you but does no damage.
The cane toad closely misses you.
The snapping turtle bites you from afar!
You die...

..#P~~#~P~. ..
.~~P~#~~~##..## ~
...~.~~~#~~~#?$}[# ~P
.....#~~~#~~~#(~~$# .~.
.....#~~~#~~~#!~~! .~.
.....~~~~#~~~#(|! ~.#
......~..~~~~#~####~~~#
....~#~~~~~.~8#~F~~~~~#
.....##P~#}~~~~#@~t~~}#
#....~~%~####.~~#~#####
....~~~~~#8~~.#~~~.~
..<..##~~#~~~~P~~PP~~~
#....##P~#~~~..~~P~~~~#
P.%..~%~~~#~~~#~~#P~~#~~
.....~~~~~~~P~~~~~~~~~ .
.....~#~P~#P~##~~~#~~##
.....##~~~P~~#


You could see a snapping turtle and a cane toad.

Vanquished Creatures
  4 hydras
  A merfolk avatar (Lair:5)
  A two-headed ogre (D:8)
  5 death yaks (Lair:4)
  A sea snake (Lair:4)
  A necromancer (D:9)
  A merfolk siren (Lair:2)
  A manticore (Lair:5)
  5 elephants (Lair:4)
  A black mamba (Lair:1)
  A torpor snail (Lair:2)
  2 rime drakes
  11 komodo dragons
  11 cane toads
  A polar bear (Lair:4)
  4 slime creatures (D:10)
  Prince Ribbit (D:6)
  17 blink frogs
  Sigmund (D:5)
  A shadow (D:10)
  4 wyverns
  5 basilisks
  29 yaks
  A steam dragon (D:8)
  16 water moccasins
  A swamp drake (D:10)
  4 orc warriors
  3 black bears
  2 sky beasts
  9 wolves
  2 centaurs
  4 phantoms
  2 necrophages
  8 bullfrogs
  2 scorpions
  8 wights
  3 howler monkeys
  4 killer bees (D:9)
  2 orc priests
  6 hounds
  4 jellies
  Ijyb (D:3)
  3 iguanas
  7 orc wizards
  5 hell rats (Lair:4)
  3 yak simulacra (D:9)
  3 polar bear simulacra (D:9)
  2 wolf simulacra (D:9)
  5 adders
  A shadow imp (D:7)
  An ufetubus (D:5)
  3 worms
  2 dart slugs
  38 orcs
  5 endoplasms
  6 giant cockroaches
  11 goblins
  4 hobgoblins
  2 jackals (D:3)
  4 kobolds
  A quokka (D:4)
  9 ball pythons
  5 bats
  3 frilled lizards
  4 rats
  3 river rat simulacra (D:9)
321 creatures vanquished.

Vanquished Creatures (others)
  6 fungi
  17 plants
23 creatures vanquished.

Grand Total: 344 creatures vanquished

Notes
Turn   | Place    | Note
-------+----------+-------------------------------------------
     0 | D:5      | qw the Gargoyle Delver began the quest for the Orb.
     0 | D:5      | Reached XP level 1. HP: 14/14 MP: 1/1
     0 | D:5      | 0 ||| qw: Version: 0.1-a-116-g5d60599
     0 | D:5      | 0 ||| qw: Game counter: 9491
     0 | D:5      | 0 ||| qw: Always use a shield: true
     0 | D:5      | 0 ||| qw: God list: Okawaru
     0 | D:5      | 0 ||| qw: Allow faded altars: false
     0 | D:5      | 0 ||| qw: Do Orc after D:15 true
     0 | D:5      | 0 ||| qw: Do second Lair branch before Depths: true
     0 | D:5      | 0 ||| qw: Lair rune preference: random
     0 | D:5      | 0 ||| qw: Plans: Normal
     0 | D:5      | 0 ||| PLANNING D:1-11
    23 | D:5      | 23 ||| DROPPING scroll of fog.
    24 | D:5      | 24 ||| DROPPING scroll of magic mapping.
    25 | D:5      | 25 ||| DROPPING scroll of fear.
   108 | D:4      | Reached skill level 2 in Axes
   108 | D:4      | Reached XP level 2. HP: 14/19 MP: 2/2
   198 | D:4      | 198 ||| READING scroll labelled MUULUGH FYMPISI.
   202 | D:4      | 202 ||| READING scroll labelled XIRGHO AFAIT.
   483 | D:3      | 483 ||| DROPPING scarf of invisibility.
   484 | D:3      | 484 ||| UPGRADING to +0 ring mail.
   494 | D:3      | 494 ||| DROPPING +0 leather armour.
   495 | D:3      | 495 ||| UPGRADING to +0 cloak.
   580 | D:1      | Noticed an eye of devastation
   583 | D:1      | Found a faded altar of an unknown god.
   594 | D:1      | Noticed a shining eye
   594 | D:1      | Noticed a golden eye
   594 | D:1      | Noticed a floating eye
   611 | D:1      | 611 ||| SWAPPING to +0 war axe.
   623 | D:1      | Reached skill level 3 in Axes
   642 | D:1      | 642 ||| Stepping ~*~*~tactically~*~*~ (stealth).
   716 | D:1      | 716 ||| DROPPING +0 hand axe.
   742 | D:1      | Reached XP level 3. HP: 23/23 MP: 3/3
   907 | D:1      | 907 ||| Stepping ~*~*~tactically~*~*~ (stealth).
   908 | D:1      | 908 ||| Stepping ~*~*~tactically~*~*~ (stealth).
   909 | D:1      | 909 ||| Stepping ~*~*~tactically~*~*~ (stealth).
   910 | D:1      | 910 ||| Stepping ~*~*~tactically~*~*~ (stealth).
   926 | D:1      | Reached skill level 1 in Armour
  1243 | D:1      | 1243 ||| Stepping ~*~*~tactically~*~*~ (stealth).
  1252 | D:1      | 1252 ||| Stepping ~*~*~tactically~*~*~ (stealth).
  1255 | D:1      | 1255 ||| Stepping ~*~*~tactically~*~*~ (stealth).
  1257 | D:1      | 1257 ||| Stepping ~*~*~tactically~*~*~ (stealth).
  1258 | D:1      | 1258 ||| Stepping ~*~*~tactically~*~*~ (stealth).
  1260 | D:1      | 1260 ||| Stepping ~*~*~tactically~*~*~ (stealth).
  1268 | D:1      | 1268 ||| Stepping ~*~*~tactically~*~*~ (stealth).
  1374 | D:1      | 1374 ||| Stepping ~*~*~tactically~*~*~ (hiding).
  1476 | D:1      | 1476 ||| Stepping ~*~*~tactically~*~*~ (hiding).
  1640 | D:1      | 1640 ||| READING 2 scrolls labelled KUDDO QIREATYGG.
  1641 | D:1      | 1641 ||| READING scroll labelled KOSCHICW SEOLLA.
  1642 | D:1      | 1642 ||| DRINKING 2 inky potions.
  1673 | D:1      | 1673 ||| DROPPING potion of lignification.
  1715 | D:2      | 1715 ||| Stepping ~*~*~tactically~*~*~ (hiding).
  1817 | D:2      | 1817 ||| Stepping ~*~*~tactically~*~*~ (hiding).
  1919 | D:2      | 1919 ||| Stepping ~*~*~tactically~*~*~ (hiding).
  2142 | D:2      | 2142 ||| DROPPING +0 club.
  2145 | D:2      | Found a shimmering altar of Xom.
  2219 | D:2      | Reached XP level 4. HP: 28/28 MP: 4/4
  2231 | D:2      | Reached skill level 4 in Axes
  2529 | D:2      | 2529 ||| Stepping ~*~*~tactically~*~*~ (stealth).
  2621 | D:2      | 2621 ||| Stepping ~*~*~tactically~*~*~ (stealth).
  2626 | D:2      | 2626 ||| Stepping ~*~*~tactically~*~*~ (stealth).
  2627 | D:2      | 2627 ||| Stepping ~*~*~tactically~*~*~ (stealth).
  2628 | D:2      | 2628 ||| Stepping ~*~*~tactically~*~*~ (stealth).
  2629 | D:2      | 2629 ||| Stepping ~*~*~tactically~*~*~ (stealth).
  2638 | D:2      | 2638 ||| UPGRADING to +0 chain mail.
  2648 | D:2      | 2648 ||| DROPPING +0 ring mail.
  2649 | D:2      | 2649 ||| UPGRADING to ring of willpower.
  2650 | D:2      | 2650 ||| READING scroll labelled PAOXTI ETUCHA.
  2651 | D:2      | 2651 ||| DRINKING 2 dark potions.
  2652 | D:2      | 2652 ||| READING 3 scrolls of identify.
  2652 | D:2      | 2652 ||| IDENTIFYING viscous clear potion
  2653 | D:2      | 2653 ||| DROPPING potion of degeneration.
  2715 | D:3      | Identified the +9 war axe of the Special Dreams {speed,
                  | rElec Str-2 SInv}
  2717 | D:3      | 2717 ||| SWAPPING to +9 war axe of the Special Dreams
                  | {speed, rElec Str-2 SInv}.
  2718 | D:3      | 2718 ||| DROPPING +1 war axe.
  2755 | D:3      | 2755 ||| Stepping ~*~*~tactically~*~*~ (stealth).
  2757 | D:3      | 2757 ||| Stepping ~*~*~tactically~*~*~ (stealth).
  2764 | D:3      | 2764 ||| Stepping ~*~*~tactically~*~*~ (stealth).
  2766 | D:3      | 2766 ||| Stepping ~*~*~tactically~*~*~ (stealth).
  2798 | D:3      | Noticed Ijyb
  2810 | D:3      | Killed Ijyb
  2811 | D:3      | Reached XP level 5. HP: 24/32 MP: 5/5
  2988 | D:3      | You fall into a shaft and drop 1 floor!
  2991 | D:4      | 2991 ||| UPGRADING to +0 pair of boots.
  2996 | D:4      | 2996 ||| READING 2 scrolls of identify.
  2996 | D:4      | 2996 ||| IDENTIFYING puce potion
  3109 | D:3      | Found a bloodstained altar of Trog.
  3512 | D:4      | Found a large runed translucent door.
  3512 | D:4      | Found a large runed translucent door.
  3513 | D:4      | Noticed qw's ghost (weakling GrDe)
  3559 | D:4      | Reached skill level 5 in Axes
  3559 | D:4      | Reached XP level 6. HP: 29/37 MP: 6/6
  3657 | D:4      | Reached skill level 3 in Armour
  3955 | D:4      | 3955 ||| READING 3 scrolls of identify.
  3955 | D:4      | 3955 ||| IDENTIFYING yellow potion
  3956 | D:4      | 3956 ||| READING 2 scrolls of identify.
  3956 | D:4      | 3956 ||| IDENTIFYING murky emerald potion
  3957 | D:4      | 3957 ||| DROPPING potion of attraction.
  3958 | D:4      | 3958 ||| DROPPING potion of flight.
  3993 | D:3      | Found a radiant altar of Vehumet.
  3993 | D:3      | Found a hide-covered altar of Uskayaw.
  3993 | D:3      | Found a broken altar of Ashenzari.
  3993 | D:3      | Found an iron altar of Okawaru.
  4001 | D:3      | Became a worshipper of Warmaster Okawaru
  4038 | D:5      | Noticed Sigmund
  4039 | D:5      | 4039 ||| Stepping ~*~*~tactically~*~*~ (hiding).
  4050 | D:5      | Killed Sigmund
  4051 | D:5      | Reached XP level 7. HP: 42/44 MP: 7/7
  4061 | D:5      | 4061 ||| DROPPING +0 whip.
  4076 | D:5      | Reached * piety under Okawaru
  4120 | D:5      | Reached skill level 1 in Invocations
  4409 | D:5      | 4409 ||| INVOKING Heroism.
  4417 | D:5      | Reached skill level 6 in Axes
  4417 | D:5      | Reached skill level 3 in Invocations
  4423 | D:5      | 4423 ||| Stepping ~*~*~tactically~*~*~ (stealth).
  4431 | D:5      | Reached XP level 8. HP: 49/49 MP: 8/10
  4485 | D:5      | 4485 ||| Stepping ~*~*~tactically~*~*~ (stealth).
  4486 | D:5      | 4486 ||| Stepping ~*~*~tactically~*~*~ (stealth).
  4490 | D:5      | 4490 ||| Stepping ~*~*~tactically~*~*~ (stealth).
  4596 | D:5      | Reached ** piety under Okawaru
  4855 | D:5      | 4855 ||| INVOKING Heroism.
  5024 | D:5      | 5024 ||| READING scroll labelled WEZA XA DYSOIFE.
  5024 | D:5      | Identified a scroll of acquirement
  5024 | D:5      | 5024 ||| ACQUIRING +0 pair of gloves of strength
  5024 | D:5      | Acquired a +0 pair of gloves of strength
  5026 | D:5      | 5026 ||| UPGRADING to +0 pair of gloves of strength.
  5059 | D:6      | Reached skill level 7 in Axes
  5162 | D:6      | Found a stormy altar of Qazlal.
  5216 | D:6      | 5216 ||| INVOKING Heroism.
  5245 | D:6      | Noticed Prince Ribbit
  5246 | D:6      | 5246 ||| INVOKING Heroism.
  5250 | D:6      | Reached skill level 1 in Throwing
  5256 | D:6      | Killed Prince Ribbit
  5335 | D:6      | Reached skill level 8 in Axes
  5351 | D:6      | 5351 ||| Stepping ~*~*~tactically~*~*~ (hiding).
  5355 | D:6      | 5355 ||| INVOKING Heroism.
  5357 | D:6      | Reached XP level 9. HP: 54/54 MP: 9/12
  5369 | D:6      | 5369 ||| Stepping ~*~*~tactically~*~*~ (stealth).
  5370 | D:6      | 5370 ||| Stepping ~*~*~tactically~*~*~ (stealth).
  5399 | D:6      | Found a burning altar of Makhleb.
  5401 | D:6      | 5401 ||| Stepping ~*~*~tactically~*~*~ (stealth).
  5504 | D:6      | 5504 ||| INVOKING Heroism.
  5774 | D:6      | 5774 ||| UPGRADING to +0 helmet.
  5779 | D:6      | 5779 ||| READING scroll labelled ZISA DIBIM.
  5780 | D:6      | 5780 ||| READING scroll labelled BIDOPIDIUPA.
  5781 | D:6      | 5781 ||| READING 2 scrolls of identify.
  5781 | D:6      | 5781 ||| IDENTIFYING glowing black potion
  5854 | D:7      | Reached skill level 6 in Fighting
  5915 | D:7      | 5915 ||| Stepping ~*~*~tactically~*~*~ (stealth).
  5918 | D:7      | 5918 ||| Stepping ~*~*~tactically~*~*~ (stealth).
  6048 | D:7      | 6048 ||| Stepping ~*~*~tactically~*~*~ (hiding).
  6051 | D:7      | 6051 ||| INVOKING Heroism.
  6072 | D:7      | 6072 ||| Stepping ~*~*~tactically~*~*~ (stealth).
  6093 | D:7      | 6093 ||| Stepping ~*~*~tactically~*~*~ (stealth).
  6207 | D:7      | 6207 ||| Stepping ~*~*~tactically~*~*~ (stealth).
  6319 | D:7      | 6319 ||| INVOKING Heroism.
  6340 | D:7      | Found a staircase to the Ecumenical Temple.
  6558 | D:7      | 6558 ||| UPGRADING to +2 helmet.
  6568 | D:7      | 6568 ||| DROPPING +0 helmet.
  6569 | D:7      | 6569 ||| UPGRADING to ring of willpower.
  6625 | D:8      | Noticed a two-headed ogre
  6626 | D:8      | 6626 ||| INVOKING Heroism.
  6634 | D:8      | Killed a two-headed ogre
  6634 | D:8      | Reached *** piety under Okawaru
  6634 | D:8      | Reached **** piety under Okawaru
  6635 | D:8      | Reached skill level 9 in Axes
  6644 | D:8      | 6644 ||| STAIRDANCE
  6753 | D:8      | 6753 ||| INVOKING Heroism.
  6755 | D:8      | 6755 ||| Stepping ~*~*~tactically~*~*~ (cloud).
  6783 | D:8      | 6783 ||| INVOKING Heroism.
  6806 | D:8      | Found a runed translucent gate.
  6806 | D:8      | Found a runed translucent gate.
  6807 | D:8      | Found a runed translucent gate.
  6883 | D:8      | Identified the +6 hand axe "Tiotua" {vorpal, *Noise Str+7}
  6884 | D:8      | 6884 ||| Stepping ~*~*~tactically~*~*~ (stealth).
  6897 | D:8      | 6897 ||| Stepping ~*~*~tactically~*~*~ (hiding).
  6914 | D:8      | 6914 ||| Stepping ~*~*~tactically~*~*~ (stealth).
  6975 | D:8      | Noticed qw's ghost (novice MiBe)
  7021 | D:8      | 7021 ||| Stepping ~*~*~tactically~*~*~ (stealth).
  7025 | D:8      | Reached XP level 10. HP: 63/63 MP: 13/13
  7156 | D:8      | 7156 ||| READING 3 scrolls labelled IPPIMIPLUQ.
  7157 | D:8      | 7157 ||| READING scroll labelled LESEOC FOLAXUZ.
  7218 | D:8      | 7218 ||| READING 2 scrolls of identify.
  7218 | D:8      | 7218 ||| IDENTIFYING fizzy brown potion
  7219 | D:8      | 7219 ||| DROPPING 2 scrolls of immolation.
  7252 | D:9      | 7252 ||| INVOKING Heroism.
  7254 | D:9      | Found a staircase to the Orcish Mines.
  7254 | D:9      | Found Wisy's Weapon Shop.
  7263 | D:9      | Reached skill level 6 in Armour
  7273 | D:9      | Reached skill level 6 in Invocations
  7314 | D:9      | 7314 ||| BUYING +2 flail of protection (259 gold).
  7314 | D:9      | Bought a +2 flail of protection for 259 gold pieces
  7314 | D:9      | 7314 ||| DROPPING +0 flail.
  7366 | D:9      | Noticed a necromancer
  7367 | D:9      | 7367 ||| Stepping ~*~*~tactically~*~*~ (hiding).
  7378 | D:9      | 7378 ||| INVOKING Heroism.
  7379 | D:9      | Killed a necromancer
  7379 | D:9      | Reached ***** piety under Okawaru
  7547 | D:9      | 7547 ||| INVOKING Heroism.
  7630 | D:9      | 7630 ||| Stepping ~*~*~tactically~*~*~ (hiding).
  7635 | D:9      | 7635 ||| Stepping ~*~*~tactically~*~*~ (hiding).
  7799 | D:9      | Reached skill level 10 in Axes
  8288 | D:9      | 8288 ||| UPGRADING to +0 plate armour.
  8298 | D:9      | 8298 ||| DROPPING +0 chain mail.
  8299 | D:9      | 8299 ||| READING scroll labelled BUENOUXKANEN.
  8400 | D:9      | 8400 ||| READING 2 scrolls of identify.
  8400 | D:9      | 8400 ||| IDENTIFYING fuming ruby potion
  8411 | D:10     | Entered Level 10 of the Dungeon
  8504 | D:10     | 8504 ||| Stepping ~*~*~tactically~*~*~ (stealth).
  8508 | D:10     | 8508 ||| Stepping ~*~*~tactically~*~*~ (stealth).
  8516 | D:10     | 8516 ||| INVOKING Heroism.
  8638 | D:10     | Found a shimmering altar of Xom.
  8755 | D:10     | Identified the +0 ring mail of Veupaho {Rampage rC++ Str-4}
  8767 | D:10     | Found Zin's Purification Station.
  8773 | D:10     | Found a glowing silver altar of Zin.
  8776 | D:10     | 8776 ||| BUYING potion of curing (90 gold).
  8776 | D:10     | Bought a potion of curing for 90 gold pieces
  8842 | D:10     | 8842 ||| INVOKING Heroism.
  8923 | D:10     | 8923 ||| DROPPING +2 flail of protection.
  8990 | D:10     | 8990 ||| Stepping ~*~*~tactically~*~*~ (stealth).
  8993 | D:10     | 8993 ||| Stepping ~*~*~tactically~*~*~ (stealth).
  9014 | D:10     | Reached XP level 11. HP: 50/67 MP: 17/17
  9130 | D:10     | 9130 ||| Stepping ~*~*~tactically~*~*~ (hiding).
  9198 | D:10     | 9198 ||| INVOKING Heroism.
  9204 | D:10     | Reached skill level 9 in Invocations
  9230 | D:10     | Identified the +0 pair of gloves of Okawaru's Displeasure
                  | {Int+4} (Okawaru gifted it to you on level 10 of the
                  | Dungeon)
  9230 | D:10     | Received a gift from Okawaru
  9245 | D:10     | 9245 ||| Stepping ~*~*~tactically~*~*~ (hiding).
  9258 | D:10     | 9258 ||| INVOKING Heroism.
  9290 | D:10     | 9290 ||| Stepping ~*~*~tactically~*~*~ (hiding).
  9307 | D:10     | Found a staircase to the Lair.
  9416 | D:10     | 9416 ||| INVOKING Heroism.
  9426 | D:10     | 9426 ||| Stepping ~*~*~tactically~*~*~ (stealth).
  9596 | D:10     | 9596 ||| INVOKING Heroism.
  9780 | D:10     | Found a portal to a secret trove of treasure.
  9845 | D:10     | 9845 ||| PLANNING LAIR
  9845 | D:10     | 9845 ||| DROPPING +0 pair of gloves of Okawaru's
                  | Displeasure {Int+4}.
  9846 | D:10     | 9846 ||| UPGRADING to +4 ring of protection.
  9848 | D:10     | 9848 ||| DROPPING ring of willpower.
  9920 | Lair:1   | Entered Level 1 of the Lair of Beasts
  9921 | Lair:1   | 9921 ||| INVOKING Heroism.
 10085 | Lair:1   | 10085 ||| INVOKING Heroism.
 10087 | Lair:1   | 10087 ||| Stepping ~*~*~tactically~*~*~ (stealth).
 10154 | Lair:1   | 10154 ||| Stepping ~*~*~tactically~*~*~ (stealth).
 10160 | Lair:1   | Reached skill level 11 in Axes
 10248 | Lair:1   | 10248 ||| INVOKING Heroism.
 10368 | Lair:1   | 10368 ||| INVOKING Heroism.
 10378 | Lair:1   | Reached skill level 9 in Armour
 10593 | Lair:1   | 10593 ||| INVOKING Heroism.
 10817 | Lair:1   | 10817 ||| READING 3 scrolls of identify.
 10817 | Lair:1   | 10817 ||| IDENTIFYING ruby potion
 10818 | Lair:1   | 10818 ||| DROPPING potion of brilliance.
 10819 | Lair:1   | 10819 ||| READING 5 scrolls of teleportation.
 10819 | Lair:1   | Noticed a five-headed hydra
 10821 | Lair:1   | 10821 ||| Stepping ~*~*~tactically~*~*~ (stealth).
 10849 | Lair:1   | 10849 ||| INVOKING Heroism.
 10855 | Lair:1   | Reached skill level 9 in Fighting
 10880 | Lair:1   | 10880 ||| READING 4 scrolls of teleportation.
 10934 | Lair:1   | 10934 ||| Stepping ~*~*~tactically~*~*~ (stealth).
 10935 | Lair:1   | 10935 ||| Stepping ~*~*~tactically~*~*~ (stealth).
 10937 | Lair:1   | 10937 ||| INVOKING Heroism.
 10944 | Lair:1   | Received a gift from Okawaru
 10945 | Lair:1   | Reached XP level 12. HP: 76/76 MP: 16/19
 10970 | Lair:1   | 10970 ||| READING 3 scrolls of teleportation.
 11003 | Lair:1   | 11003 ||| READING 2 scrolls of teleportation.
 11064 | Lair:1   | 11064 ||| INVOKING Heroism.
 11067 | Lair:1   | 11067 ||| Stepping ~*~*~tactically~*~*~ (stealth).
 11102 | Lair:1   | 11102 ||| SWAPPING to +5 morningstar of freezing.
 11103 | Lair:1   | 11103 ||| INVOKING Finesse.
 11107 | Lair:1   | Killed a five-headed hydra
 11107 | Lair:1   | Identified the +0 hat of Sedgheho {Regen+} (Okawaru gifted
                  | it to you on level 1 of the Lair of Beasts)
 11107 | Lair:1   | Received a gift from Okawaru
 11108 | Lair:1   | Reached skill level 3 in Throwing
 11108 | Lair:1   | 11108 ||| SWAPPING to +9 war axe of the Special Dreams
                  | {speed, rElec Str-2 SInv}.
 11214 | Lair:1   | 11214 ||| DROPPING +0 hat of Sedgheho {Regen+}.
 11347 | Lair:2   | 11347 ||| INVOKING Heroism.
 11465 | Lair:2   | 11465 ||| FLEEEEING.
 11466 | Lair:2   | 11466 ||| FLEEEEING.
 11467 | Lair:2   | 11467 ||| FLEEEEING.
 11469 | Lair:2   | 11469 ||| INVOKING Heroism.
 11485 | Lair:2   | Reached skill level 12 in Axes
 11491 | Lair:2   | 11491 ||| Stepping ~*~*~tactically~*~*~ (hiding).
 11512 | Lair:2   | 11512 ||| INVOKING Heroism.
 11649 | Lair:2   | Found a staircase to the Snake Pit.
 11993 | Lair:2   | Found a staircase to the Shoals.
 12017 | Lair:2   | Identified the +3 falchion "Zaef" {vorpal, *Slow Str+3
                  | Int+4}
 12100 | Lair:2   | 12100 ||| READING scroll labelled REXAVV EPOGITH.
 12249 | Lair:3   | Noticed a six-headed hydra
 12250 | Lair:3   | 12250 ||| INVOKING Heroism.
 12251 | Lair:3   | 12251 ||| INVOKING Finesse.
 12253 | Lair:3   | 12253 ||| SWAPPING to +5 morningstar of freezing.
 12258 | Lair:3   | Killed a six-headed hydra
 12259 | Lair:3   | 12259 ||| SWAPPING to +9 war axe of the Special Dreams
                  | {speed, rElec Str-2 SInv}.
 12334 | Lair:3   | 12334 ||| Stepping ~*~*~tactically~*~*~ (stealth).
 12409 | Lair:3   | 12409 ||| Stepping ~*~*~tactically~*~*~ (stealth).
 12411 | Lair:3   | 12411 ||| INVOKING Heroism.
 12412 | Lair:3   | 12412 ||| Stepping ~*~*~tactically~*~*~ (stealth).
 12563 | Lair:3   | Noticed a six-headed hydra
 12564 | Lair:3   | 12564 ||| INVOKING Heroism.
 12565 | Lair:3   | 12565 ||| INVOKING Finesse.
 12567 | Lair:3   | 12567 ||| SWAPPING to +5 morningstar of freezing.
 12571 | Lair:3   | Killed a six-headed hydra
 12572 | Lair:3   | 12572 ||| SWAPPING to +9 war axe of the Special Dreams
                  | {speed, rElec Str-2 SInv}.
 12804 | Lair:3   | 12804 ||| INVOKING Heroism.
 12816 | Lair:3   | 12816 ||| Stepping ~*~*~tactically~*~*~ (stealth).
 12818 | Lair:3   | 12818 ||| Stepping ~*~*~tactically~*~*~ (stealth).
 12825 | Lair:3   | Reached skill level 13 in Axes
 12826 | Lair:3   | 12826 ||| Stepping ~*~*~tactically~*~*~ (stealth).
 12832 | Lair:3   | Identified the +1 robe "Cumaudiddo" {Contam Harm Int+4}
                  | (Okawaru gifted it to you on level 3 of the Lair of Beasts)
 12832 | Lair:3   | Received a gift from Okawaru
 12838 | Lair:3   | 12838 ||| INVOKING Heroism.
 12860 | Lair:3   | Reached XP level 13. HP: 82/82 MP: 20/20
 13070 | Lair:3   | 13070 ||| Stepping ~*~*~tactically~*~*~ (stealth).
 13072 | Lair:3   | 13072 ||| INVOKING Heroism.
 13256 | Lair:3   | 13256 ||| DROPPING amulet of guardian spirit.
 13257 | Lair:3   | 13257 ||| DROPPING amulet of faith.
 13341 | Lair:4   | 13341 ||| INVOKING Heroism.
 13394 | Lair:4   | 13394 ||| Stepping ~*~*~tactically~*~*~ (stealth).
 13411 | Lair:4   | 13411 ||| FLEEEEING.
 13412 | Lair:4   | 13412 ||| FLEEEEING.
 13423 | Lair:4   | 13423 ||| FLEEEEING.
 13424 | Lair:4   | 13424 ||| FLEEEEING.
 13425 | Lair:4   | 13425 ||| FLEEEEING.
 13426 | Lair:4   | 13426 ||| FLEEEEING.
 13427 | Lair:4   | 13427 ||| FLEEEEING.
 13428 | Lair:4   | 13428 ||| FLEEEEING.
 13429 | Lair:4   | 13429 ||| FLEEEEING.
 13430 | Lair:4   | 13430 ||| FLEEEEING.
 13434 | Lair:4   | 13434 ||| FLEEEEING.
 13437 | Lair:4   | 13437 ||| FLEEEEING.
 13438 | Lair:4   | 13438 ||| FLEEEEING.
 13531 | Lair:4   | 13531 ||| INVOKING Heroism.
 13532 | Lair:4   | 13532 ||| INVOKING Finesse.
 13534 | Lair:4   | 13534 ||| SWAPPING to +5 morningstar of freezing.
 13539 | Lair:4   | 13539 ||| Stepping ~*~*~tactically~*~*~ (stealth).
 13543 | Lair:4   | 13543 ||| SWAPPING to +9 war axe of the Special Dreams
                  | {speed, rElec Str-2 SInv}.
 13769 | Lair:4   | 13769 ||| Stepping ~*~*~tactically~*~*~ (hiding).
 13811 | Lair:4   | Found a viscous altar of Jiyva.
 13811 | Lair:4   | Found a staircase to the Slime Pits.
 13811 | Lair:4   | Noticed an acid blob
 13812 | Lair:4   | Found a runed translucent door.
 13823 | Lair:4   | Reached skill level 14 in Axes
 13847 | Lair:4   | 13847 ||| Stepping ~*~*~tactically~*~*~ (stealth).
 13849 | Lair:4   | 13849 ||| INVOKING Heroism.
 14421 | Lair:5   | Entered Level 5 of the Lair of Beasts
 14422 | Lair:5   | 14422 ||| STAIRDANCE
 14479 | Lair:5   | 14479 ||| STAIRDANCE
 14482 | Lair:4   | 14482 ||| INVOKING Heroism.
 14513 | Lair:5   | 14513 ||| STAIRDANCE
 14515 | Lair:4   | 14515 ||| INVOKING Finesse.
 14660 | Lair:5   | 14660 ||| STAIRDANCE
 14662 | Lair:4   | 14662 ||| INVOKING Heroism.
 14663 | Lair:4   | 14663 ||| INVOKING Finesse.
 14868 | Lair:5   | 14868 ||| INVOKING Heroism.
 14871 | Lair:5   | 14871 ||| STAIRDANCE
 15064 | Lair:5   | 15064 ||| INVOKING Heroism.
 15066 | Lair:5   | 15066 ||| Stepping ~*~*~tactically~*~*~ (hiding).
 15121 | Lair:5   | 15121 ||| INVOKING Heroism.
 15122 | Lair:5   | 15122 ||| Stepping ~*~*~tactically~*~*~ (water).
 15127 | Lair:5   | HP: 10/84 [snapping turtle (13)]
 15128 | Lair:5   | 15128 ||| READING 3 scrolls of teleportation.
 15128 | Lair:5   | Slain by a snapping turtle

Levels and vault maps discovered:
D:1:      dpeg_arrival_simpleton_b, layout_basic,
          hellmonk_ecumenical_altar_watching_god, st_stairs_6
D:2:      layout_loops_ring, basic_altar, minmay_pentomino_z2
D:3:      layout_loops_cross, nicolae_overflow_hidden_temple, st_stairs_1,
          uniq_ijyb
D:4:      layout_basic, ebering_ghost_disaster_area, minmay_crystal_room
D:5:      layout_basic, uniq_sigmund
D:6:      layout_basic, nicolae_qazlal_general_emergency, amcnicky_altar_gilded,
          kennysheep_cross_room, uniq_prince_ribbit1
D:7:      layout_layer_cave, minmay_temple_entry_gardened_gates
D:8:      layout_basic, gammafunk_ghost_icy
D:9:      layout_irregular_city, orc_david_3, eino_house_with_fridge
D:10:     layout_basic, mainiacjoe_overflow_alcove_1, zin_purify,
          erik_lair_dragon, enter_trove_3, minmay_misc_feat_roman
Lair:1:   layout_gridlike, nzn_random_ring
Lair:2:   layout_small_grid, minmay_shoals_entry_lonely_mermaid,
          guppyfry_snake_entry_garden, minivault_26, lemuel_fruit_tree
Lair:3:   layout_cellular_growth, grunt_megastairs_4
Lair:4:   layout_loops_ring, slime_entry_2
Lair:5:   gammafunk_lair_ancient_temple, layout_regular_city

Skill      XL: |  1  2  3  4  5  6  7  8  9 10 11 12 13 |
---------------+----------------------------------------+-----
Axes           | 2 3 4 5 6 8 9 10 11 13 14 | 14.2
Armour         | 1 2 3 4 5 7 9 10 11 | 11.1
Fighting       | 5 7 9 10 11 | 11.0
Invocations    | 3 4 5 8 10 | 10.0
Throwing       | 1 2 3 4 |  4.0
Dodging        | 2 |  2.1
Stealth        | |  5.4

Action                   |  1- 3 |  4- 6 |  7- 9 | 10-12 | 13-15 || total
-------------------------+-------+-------+-------+-------+-------++-------
Melee: Hand axe          |    38 |       |       |       |       ||    38
       War axe           |    81 |    97 |   158 |   461 |   211 ||  1008
       Punch             |     1 |     1 |     5 |    19 |     9 ||    35
       Morningstar       |       |       |       |     9 |     5 ||    14
Throw: Boomerang         |       |       |    39 |    55 |    15 ||   109
       Javelin           |       |       |       |    36 |     6 ||    42
Invok: Heroism           |       |       |    11 |    25 |     9 ||    45
       Finesse           |       |       |       |     3 |     3 ||     6
  Use: Scroll            |     4 |     5 |     4 |    11 |     1 ||    25
       Potion            |     1 |     1 |       |       |       ||     2
 Stab: Sleeping          |     2 |       |       |       |       ||     2
Armor: Leather armour    |    10 |       |       |       |       ||    10
       Ring mail         |    46 |     8 |       |       |       ||    54
       Chain mail        |       |    36 |    60 |    39 |       ||   135
       Plate armour      |       |       |       |   126 |   104 ||   230
Dodge: Dodged            |    60 |    38 |    26 |    93 |    45 ||   262

Table legend:
 A = Non-vault XP
 B = Vault XP
 C = Vault XP percentage of total XP
 D = Non-vault monster count
 E = Vault monster count
 F = Vault count percentage of total count
                 A         B        C        D         E       F
            +---------+---------+-------+---------+---------+-------
      Total |   36187 |   11221 |  23.7 |     271 |      50 |  15.6
            +---------+---------+-------+---------+---------+-------
        D:1 |      45 |       2 |   4.3 |      25 |       1 |   3.8
        D:2 |      64 |       0 |   0.0 |      13 |       0 |   0.0
        D:3 |      38 |      44 |  53.7 |      14 |       3 |  17.6
        D:4 |     216 |       0 |   0.0 |      17 |       0 |   0.0
        D:5 |     970 |     223 |  18.7 |      19 |       1 |   5.0
        D:6 |     644 |     264 |  29.1 |      19 |       1 |   5.0
        D:7 |     646 |       0 |   0.0 |      16 |       0 |   0.0
        D:8 |    1722 |       0 |   0.0 |      17 |       0 |   0.0
        D:9 |     718 |    1267 |  63.8 |      11 |      18 |  62.1
       D:10 |    4456 |    1613 |  26.6 |      26 |       6 |  18.8
     Lair:1 |    4229 |    3615 |  46.1 |      20 |      11 |  35.5
     Lair:2 |    5397 |     514 |   8.7 |      22 |       1 |   4.3
     Lair:3 |    6348 |       0 |   0.0 |      20 |       0 |   0.0
     Lair:4 |   10694 |    2065 |  16.2 |      32 |       5 |  13.5
     Lair:5 |       0 |    1614 | 100.0 |       0 |       3 | 100.0
            +---------+---------+-------+---------+---------+-------
